 Dungeon Crawl Stone Soup version 0.30-a0-367-g839099abd5 (webtiles) character file.

Game seed: 4748735339937710773

497 Bnni the Poker (level 7, 0/51 (56) HPs)
             Began as a Formicid Fighter on Nov 18, 2022.
             Was an Initiate of Yredelemnul.
             Slain by an iguana (9 damage)
             ... on level 4 of the Dungeon.
             The game lasted 00:05:55 (3515 turns).

Bnni the Poker (Formicid Fighter)                   Turns: 3515, Time: 00:05:56

HP:   0/51 (56)     AC:  9    Str: 23    XL:     7   Next: 38%
MP:   8/8           EV:  7    Int:  7    God:    Yredelemnul [......]
Gold: 220           SH:  5    Dex: 13    Spells: 6/6 levels left

rFire   . . .      SeeInvis +    a - +0 trident
rCold   . . .      Faith    .    c - +0 buckler
rNeg    . . .      Spirit   .    h - +0 chain mail
rPois   .          Reflect  .    (helmet unavailable)
rElec   .          Harm     .    (no cloak)
rCorr   .          Rampage  .    (no gloves)
Will    .....                    (no boots)
Stlth   ..........               (no amulet)
HPRegen 0.28/turn                (no ring)
MPRegen 0.11/turn                (no ring)

@: drained
A: permanent stasis, dig shafts and tunnels, antennae 3, four strong arms
a: Dig, Shaft Self, Renounce Religion, Recall Undead Harvest


You were on level 4 of the Dungeon.
You worshipped Yredelemnul.
Yredelemnul was noncommittal.
You visited 1 branch of the dungeon, and saw 5 of its levels.

You collected 220 gold pieces.

Inventory:

Hand Weapons
 a - a +0 trident (weapon)
Missiles
 q - 8 poisoned darts (quivered)
Armour
 c - a +0 buckler (worn)
 h - a +0 chain mail (worn)
Wands
 e - a wand of flame (10)
 r - a wand of mindburst (20)
Scrolls
 g - a scroll of teleportation {unknown}
 i - 2 scrolls of blinking {unknown}
 k - 2 scrolls of torment {unknown}
 m - a scroll of acquirement {unknown}
 o - a scroll of poison {unknown}
 p - 2 scrolls of noise {unknown}
 t - a scroll of enchant armour {unknown}
 u - a scroll of silence {unknown}
Potions
 b - 2 potions of flight {unknown}
 d - a potion of might
 f - 2 potions of cancellation
 j - 2 potions of lignification
 l - 2 potions of degeneration {unknown}
 n - 2 potions of curing
 s - a potion of mutation
 v - a potion of haste {unknown}


   Skills:
 + Level 5.3 Fighting
 * Level 5.8 Polearms
 - Level 3.2 Armour
 - Level 5.0 Shields
 + Level 1.4 Invocations


You had 6 spell levels left.
You didn't know any spells.
Your spell library was empty.

Dungeon Overview and Level Annotations

Branches:
Dungeon (5/15)
 Temple: D:4-7

Altars:
Gozag
Nemelex Xobeh
Xom
Yredelemnul
Zin

Shops:
D:2 [   D:3 ?


Innate Abilities, Weirdness & Mutations

You cannot be hasted, slowed, berserked, paralysed or teleported.
You can dig through walls and to a lower floor.
You have a pair of large antennae on your head. (SInv)
Your four strong arms can wield two-handed weapons with a shield.


Message History

The iguana is moderately wounded.
The iguana bites you but does no damage.
You closely miss the iguana.
The iguana is moderately wounded.
The orc barely misses you. You block the iguana's attack.
You hit the iguana.
The iguana is moderately wounded.
The orc closely misses you. The iguana closely misses you.
You hit the iguana.
The iguana is heavily wounded.
The iguana barely misses you.
The orc hits you with a +1 morningstar of draining!
You feel drained. You block the orc's attack. The iguana barely misses you.
You climb upwards.
There is a stone staircase leading down here.
You barely miss the orc. The orc closely misses you.
You block the iguana's attack.
You barely miss the orc. You block the orc's attack. The iguana bites you.
You hit the orc.
The orc is heavily wounded.
You block the orc's attack. The iguana barely misses you.
You barely miss the orc.
The orc is heavily wounded.
The orc hits you with a +1 morningstar of draining.
You feel drained. You block the iguana's attack.
You closely miss the orc.
The orc is heavily wounded.
The orc hits you with a +1 morningstar of draining!
* * * LOW HITPOINT WARNING * * *
You feel drained. You block the iguana's attack.
You barely miss the orc.
The orc is heavily wounded.
The orc hits you but does no damage.
You feel drained.
The iguana bites you but does no damage.
You puncture the orc!
You kill the orc!
The iguana bites you!
You die...
Your body rises from the dead as a mindless zombie.

#................Z.^Z
#...........#.#.Z###Z
#...........#...Z####
###...........#.###..
##.###.####.#.###.#
#.# #.....ZZ.....#
#.# #..Z.Z..######
##.###.......#.....
#l@)...............
#.....#............
#.....#............
###########........
#........ #........
#........ #........
#########


You could see an iguana.

Vanquished Creatures
  2 centaurs
  A hound (D:4)
  A jelly (D:5)
  2 iguanas
  4 adders
  An adder skeleton (D:2)
  2 worms
  2 dart slugs (D:1)
  3 orcs
  2 bats
  8 endoplasms
  4 giant cockroaches
  6 goblins
  10 hobgoblins
  6 jackals
  4 quokkas
  8 ball pythons
  A frilled lizard (D:1)
  5 kobolds
  7 rats
79 creatures vanquished.

Vanquished Creatures (collateral kills)
  A black bear (D:4)
  An orc (D:5)
  A quokka (D:4)
3 creatures vanquished.

Vanquished Creatures (others)
  2 centaur zombies
2 creatures vanquished.

Grand Total: 84 creatures vanquished

Notes
Turn   | Place    | Note
-------+----------+-------------------------------------------
     0 | D:1      | Bnni the Formicid Fighter began the quest for the Orb.
     0 | D:1      | Reached XP level 1. HP: 18/18 MP: 1/1
   223 | D:1      | Reached XP level 2. HP: 16/24 MP: 2/2
   598 | D:2      | Found a shimmering altar of Xom.
   609 | D:2      | Reached XP level 3. HP: 29/29 MP: 3/3
   915 | D:2      | Found Qilo's Antique Armour Boutique.
  1153 | D:2      | Reached XP level 4. HP: 37/37 MP: 4/4
  1183 | D:2      | Identified the +0 robe of Iciola {rF+ Dex+7}
  1785 | D:3      | Identified the +5 sling "Sexag" {flame, rF+ Dex+3 Stlth+}
  2140 | D:3      | Found Jevveasch's Magic Scroll Shop.
  2162 | D:3      | Reached XP level 5. HP: 32/42 MP: 5/5
  2238 | D:3      | Found a glowing silver altar of Zin.
  2238 | D:3      | Found an opulent altar of Gozag.
  2406 | D:3      | Found a basalt altar of Yredelemnul.
  2419 | D:3      | Became a worshipper of Yredelemnul the Dark
  2710 | D:4      | Reached skill level 5 in Shields
  2753 | D:4      | Noticed a centaur
  2762 | D:4      | HP: 1/42 [ball python (2)]
  2768 | D:4      | Killed a centaur
  2769 | D:4      | Reached XP level 6. HP: 10/49 MP: 6/6
  2770 | D:4      | Reached * piety under Yredelemnul
  3214 | D:4      | Reached ** piety under Yredelemnul
  3249 | D:4      | Reached skill level 5 in Polearms
  3295 | D:4      | Noticed a black bear
  3311 | D:4      | Killed a black bear
  3312 | D:4      | Reached skill level 5 in Fighting
  3312 | D:4      | Reached XP level 7. HP: 56/56 MP: 4/7
  3373 | D:5      | Entered Level 5 of the Dungeon
  3373 | D:5      | Found a sparkling altar of Nemelex Xobeh.
  3473 | D:5      | Reached skill level 1 in Invocations
  3515 | D:4      | Slain by an iguana

Illustrated notes

Levels and vault maps discovered:
D:1:      eino_arrival_water_star, layout_basic, corexii_hall_statues_i
D:2:      layout_basic, basic_altar, serial_shops, nicolae_square_shop,
          serial_undead, serial_undead_e, serial_undead_a, serial_undead_c,
          serial_undead_c, st_stairs_3, grunt_ministairs_10, minmay_pentomino_x4
D:3:      layout_basic, grunt_temple_overflow_gold_and_silver,
          lemuel_doored_altar, serial_shops, shop, chequers_serial_rivers_marsh
D:4:      layout_basic
D:5:      layout_cave_pools, overflow_temple_1_default,
          minmay_temple_entry_glass, hangedman_decor_slide_cut,
          grunt_decor_one_mirror

Skill      XL: |  1  2  3  4  5  6  7 |
---------------+----------------------+-----
Polearms       | 3 4 5 |  5.8
Fighting       | 4 5 |  5.3
Shields        | 5 |  5.0
Invocations    | 1 |  1.4
Armour         | |  3.2

Action                   |  1- 3 |  4- 6 |  7- 9 || total
-------------------------+-------+-------+-------++-------
Melee: Trident           |   101 |   135 |    30 ||   266
Throw: Dart              |       |     2 |       ||     2
Invok: Recall Undead Har |       |     1 |       ||     1
  Use: Scroll            |       |     5 |       ||     5
       Potion            |       |     3 |       ||     3
 Stab: Distracted        |       |     1 |       ||     1
Armor: Scale mail        |     4 |       |       ||     4
       Chain mail        |    25 |    90 |     8 ||   123
Dodge: Dodged            |    34 |    49 |    10 ||    93
Block: Buckler           |    19 |    28 |    15 ||    62

Table legend: (Time is in decaauts)
 A = Elapsed time spent in this place.
 B = Non-inter-level travel time spent in this place.
 C = Inter-level travel time spent in this place.
 D = Time resting spent in this place.
 E = Time spent auto-exploring this place.
 F = Levels seen in this place.
 G = Mean time per level.
                   A        B        C        D        E       F      G
               +--------+--------+--------+--------+--------+-----+--------+
         Total |   3560 |   3405 |    155 |     18 |   2752 |   5 |  712.0 |
       Dungeon |   3560 |   3405 |    155 |     18 |   2752 |   5 |  712.0 |
               +--------+--------+--------+--------+--------+-----+--------+

Top non-repeatable levels by time:
     D:3: 1058 daAuts
     D:2: 1053 daAuts
     D:4: 706 daAuts
     D:1: 606 daAuts
     D:5: 136 daAuts
